Map: Kairos Junction LE

Players

Zest

  • Race: Protoss Protoss
  • League: Master
  • Spawn Location: 5:00

GuMiho - Winner!

  • Race: Terran Terran
  • League: Grandmaster
  • Spawn Location: 11:00

Event: IEM Season 13 - Katowice Server Qualifiers Asia 2

VOD

Have the link to the VOD?

Description

Time

  • Played on: Jan. 22, 2019, 7:35 a.m.
  • Length: 4:56

All games in this series

Show
View Real Time Build Order
Export as new Build Order

Zest Protoss 

Build Orders: 1 Gate Expand 

Get SALT Encoding   

  12  0:00  Probe  
  13  0:12  Probe  
  14  0:17  Pylon  
  14  0:24  Probe  
  15  0:32  Probe  
  15  0:37  Gateway  
  15  0:40  Probe  
  16  0:46  Assimilator  
  17  0:51  Probe  
  18  1:03  Probe  
  19  1:15  Probe  
  20  1:24  Cybernetics Core  
  20  1:32  Nexus  
  20  1:35  Probe  
  21  1:42  Pylon  
  21  1:47  Probe  
  21  1:50  Assimilator  
  21  1:51  Adept  
  22  2:00  Probe  
  25  2:03  Warp Gate  
  25  2:10  Stalker  
  25  2:12  Probe  
  28  2:27  Probe  
  29  2:34  Stalker, Twilight Council  
  29  2:39  Probe  
  32  2:47  Probe  
  33  2:52  Probe  
  34  2:59  Probe  
  34  3:03  Stalker  
  34  3:04  Probe  
  38  3:11  Probe  
  38  3:16  Probe  
  35  3:23  Probe  
  35  3:24  Gateway  
  36  3:28  Probe  
  37  3:35  Probe  
  37  3:40  Probe  
  39  3:43  Gateway  
  39  3:44  Probe  
  40  3:48  Pylon  
  40  3:50  Assimilator, Pylon  
  40  3:52  Probe x2  
  42  4:04  Sentry, Probe  
  42  4:06  Probe  
  46  4:17  Probe  
  47  4:21  Nexus  
  47  4:30  Stalker x2  
  44  4:41  Stalker  
Show
View Real Time Build Order
Export as new Build Order

GuMiho Terran - Winner!

Build Orders: Reaper Expand 

Get SALT Encoding   

  12  0:00  SCV  
  13  0:12  SCV  
  14  0:16  Supply Depot  
  14  0:24  SCV  
  15  0:38  SCV  
  15  0:39  Barracks  
  16  0:43  Refinery  
  16  0:50  SCV  
  17  1:02  SCV  
  18  1:14  SCV  
  19  1:26  Reaper, Orbital Command  
  20  1:40  Command Center  
  20  1:49  Supply Depot  
  20  1:52  SCV  
  21  1:58  Marine  
  22  2:04  SCV  
  22  2:06  Factory  
  23  2:11  Refinery  
  23  2:16  Barracks Tech Lab, SCV  
  24  2:28  SCV  
  25  2:35  Marauder  
  27  2:40  SCV  
  30  2:51  Hellion, Starport  
  30  2:53  SCV, Orbital Command  
  33  2:58  Marauder  
  32  3:13  Hellion  
  32  3:21  SCV x2  
  32  3:23  Marauder  
  32  3:24  Concussive Shells  
  32  3:25  Supply Depot  
  36  3:28  Medivac  
  38  3:35  SCV x2, Hellion  
  42  3:44  Marauder  
  42  3:47  SCV x2  
  46  3:53  Barracks  
  46  3:56  Barracks  
  46  3:57  Factory Tech Lab  
  46  4:02  Starport Reactor  
  46  4:03  SCV x2  
  46  4:05  Marine  
  46  4:09  Bunker  
  49  4:13  Supply Depot  
  49  4:19  SCV x2  
  49  4:23  Marine  

Tags
 
Add a new tag
Caveats
  • Supply blocks, unpowered buildings, or Contaminate may cause inaccurate times.
  • Supply counts are checked every 10 seconds.